[ AOE2 MATCH · #506769082 ]
UnrankedGoths vs Ethiopians
Player's team · LOSS
[ REPLAY ANALYSIS · EXTRACTED FROM THE RECORDED GAME ]
Feudal
11:35
Castle
22:35
Imperial
44:35
| APM avg | 33.5 |
| APM peak | 61 |
| eAPM avg | 19.2 |
| Villagers / military | 131 / 114 |
Focus
⚔️ 28.4% · 🌾 71.6%
Skirmisher ×47 · Spearman ×29 · Huskarl ×25 · Militia ×5 · Mangonel ×5 · Archer ×3
Feudal
9:04
Castle
20:57
Imperial
34:33
| APM avg | 46.4 |
| APM peak | 80 |
| eAPM avg | 22.2 |
| Villagers / military | 139 / 122 |
Focus
⚔️ 43.1% · 🌾 56.9%
Archer ×75 · Scout Cavalry ×20 · Knight ×11 · Mangonel ×5 · Skirmisher ×4 · Cavalry Archer ×3
Match map
Initial resources + every placement click. Lines = walls · curves = elevation contours. ◆ gold · ⬟ stone · ● berries · ✦ relic · ◌ wall gap
Your base· Open — 4t gap
AmiraL_516's base· Open — 5t gap
Smoothed initial terrain · ◌ = detected wall gap · hover for details
Inputs per minute
— matias_dka - - AmiraL_516
Build order — matias_dka
First 150 of 345 actions detected
| 0:02 | Create | Villager (Male) |
| 0:02 | Create | Villager (Male) |
| 0:04 | Build | House |
| 0:07 | Build | House |
| 0:27 | Create | Villager (Male) |
| 0:28 | Create | Villager (Male) |
| 0:28 | Create | Villager (Male) |
| 0:28 | Create | Villager (Male) |
| 1:32 | Create | Villager (Male) |
| 1:32 | Create | Villager (Male) |
| 2:05 | Create | Villager (Male) |
| 2:05 | Create | Villager (Male) |
| 2:06 | Create | Villager (Male) |
| 2:16 | Build | Lumber Camp |
| 2:24 | Create | Villager (Male) |
| 2:25 | Create | Villager (Male) |
| 3:05 | Create | Villager (Male) |
| 3:06 | Create | Villager (Male) |
| 3:21 | Create | Villager (Male) |
| 3:22 | Create | Villager (Male) |
| 3:49 | Create | Villager (Male) |
| 3:50 | Create | Villager (Male) |
| 3:50 | Create | Villager (Male) |
| 4:02 | Build | House |
| 4:22 | Create | Villager (Male) |
| 4:22 | Create | Villager (Male) |
| 4:49 | Create | Villager (Male) |
| 4:49 | Create | Villager (Male) |
| 5:02 | Build | Barracks |
| 5:34 | Create | Villager (Male) |
| 5:39 | Create | Villager (Male) |
| 5:49 | Build | House |
| 6:05 | Create | Militia |
| 6:05 | Create | Militia |
| 6:26 | Create | Villager (Male) |
| 6:29 | Create | Militia |
| 6:29 | Create | Militia |
| 6:37 | Build | Mining Camp |
| 6:42 | Create | Villager (Male) |
| 6:50 | Create | Villager (Male) |
| 7:10 | Build | House |
| 7:36 | Create | Villager (Male) |
| 7:45 | Create | Villager (Male) |
| 8:16 | Research | Loom |
| 8:21 | Create | Villager (Male) |
| 8:59 | Create | Villager (Male) |
| 9:08 | Build | House |
| 9:22 | Research | Feudal Age |
| 9:31 | Build | Mill |
| 11:35 | Age | Feudal Age |
| 11:37 | Create | Villager (Male) |
| 11:38 | Create | Villager (Male) |
| 12:00 | Build | Archery Range |
| 12:22 | Create | Villager (Male) |
| 13:00 | Create | Villager (Male) |
| 13:03 | Create | Skirmisher |
| 13:03 | Create | Skirmisher |
| 13:23 | Build | Mining Camp |
| 13:27 | Create | Villager (Male) |
| 13:30 | Build | Farm |
| 13:33 | Build | Farm |
| 13:35 | Build | Farm |
| 13:49 | Build | Blacksmith |
| 13:52 | Build | Farm |
| 14:02 | Create | Skirmisher |
| 14:15 | Create | Villager (Male) |
| 14:16 | Create | Villager (Male) |
| 14:21 | Research | Double-Bit Axe |
| 14:32 | Build | Farm |
| 14:36 | Build | Farm |
| 14:48 | Research | Fletching |
| 14:48 | Create | Villager (Male) |
| 14:52 | Build | Farm |
| 14:55 | Build | Farm |
| 15:09 | Research | Padded Archer Armor |
| 15:12 | Create | Villager (Male) |
| 15:16 | Build | Farm |
| 15:27 | Build | Farm |
| 15:35 | Build | Farm |
| 15:39 | Build | Farm |
| 15:44 | Create | Skirmisher |
| 15:44 | Create | Skirmisher |
| 15:52 | Create | Villager (Male) |
| 16:09 | Build | House |
| 16:10 | Build | House |
| 16:20 | Create | Villager (Male) |
| 16:24 | Build | Farm |
| 16:28 | Build | Farm |
| 16:30 | Build | Farm |
| 16:39 | Create | Spearman |
| 16:52 | Create | Villager (Male) |
| 16:57 | Build | Farm |
| 17:03 | Create | Skirmisher |
| 17:15 | Create | Skirmisher |
| 17:19 | Create | Villager (Male) |
| 17:23 | Build | Farm |
| 18:00 | Build | Farm |
| 18:05 | Create | Villager (Male) |
| 18:13 | Build | Farm |
| 18:22 | Create | Skirmisher |
| 18:22 | Create | Skirmisher |
| 18:29 | Create | Villager (Male) |
| 18:37 | Build | Market |
| 18:45 | Create | Skirmisher |
| 18:53 | Create | Villager (Male) |
| 18:57 | Build | Farm |
| 19:20 | Create | Villager (Male) |
| 19:27 | Build | Farm |
| 19:53 | Build | Archery Range |
| 19:55 | Research | Castle Age |
| 20:12 | Create | Skirmisher |
| 20:12 | Create | Skirmisher |
| 20:16 | Create | Spearman |
| 20:31 | Create | Spearman |
| 20:42 | Build | House |
| 20:50 | Build | House |
| 20:51 | Build | House |
| 20:53 | Create | Skirmisher |
| 20:53 | Create | Skirmisher |
| 22:04 | Create | Skirmisher |
| 22:04 | Create | Skirmisher |
| 22:04 | Create | Skirmisher |
| 22:04 | Create | Skirmisher |
| 22:35 | Age | Castle Age |
| 22:36 | Create | Skirmisher |
| 22:36 | Create | Skirmisher |
| 22:36 | Create | Skirmisher |
| 22:52 | Research | Elite Skirmisher (upgrade) |
| 23:16 | Create | Villager (Male) |
| 23:16 | Create | Villager (Male) |
| 23:32 | Research | Bodkin Arrow |
| 23:43 | Research | Leather Archer Armor |
| 23:45 | Create | Skirmisher |
| 23:45 | Create | Skirmisher |
| 23:46 | Create | Skirmisher |
| 23:59 | Build | Town Center |
| 24:06 | Create | Villager (Male) |
| 24:06 | Create | Villager (Male) |
| 24:14 | Create | Skirmisher |
| 24:14 | Create | Skirmisher |
| 24:45 | Build | Siege Workshop |
| 24:53 | Create | Villager (Male) |
| 25:28 | Create | Mangonel |
| 25:49 | Create | Skirmisher ×5 |
| 25:53 | Create | Villager (Male) |
| 25:53 | Create | Villager (Male) |
| 25:56 | Build | Farm |
| 26:20 | Create | Skirmisher |
| 26:35 | Create | Villager (Male) |
| 26:36 | Create | Villager (Male) |
Build order — AmiraL_516
First 150 of 383 actions detected
| 0:00 | Create | Villager (Male) |
| 0:01 | Create | Villager (Male) |
| 0:01 | Create | Villager (Male) |
| 0:03 | Build | House |
| 0:06 | Build | House |
| 0:08 | Create | Villager (Male) |
| 0:08 | Create | Villager (Male) |
| 1:40 | Create | Villager (Male) |
| 1:40 | Create | Villager (Male) |
| 1:47 | Build | Lumber Camp |
| 2:06 | Create | Villager (Male) |
| 2:06 | Create | Villager (Male) |
| 2:22 | Create | Villager (Male) |
| 2:51 | Create | Villager (Male) |
| 2:52 | Create | Villager (Male) |
| 3:05 | Build | House |
| 3:18 | Create | Villager (Male) |
| 3:18 | Create | Villager (Male) |
| 4:03 | Create | Villager (Male) |
| 4:03 | Create | Villager (Male) |
| 4:31 | Create | Villager (Male) |
| 4:31 | Create | Villager (Male) |
| 4:32 | Create | Villager (Male) |
| 4:49 | Create | Villager (Male) |
| 5:35 | Build | Mining Camp |
| 6:04 | Create | Villager (Male) |
| 6:04 | Create | Villager (Male) |
| 6:04 | Create | Villager (Male) |
| 6:05 | Create | Villager (Male) |
| 6:10 | Research | Loom |
| 6:51 | Research | Feudal Age |
| 7:11 | Build | House |
| 7:24 | Build | Palisade Wall |
| 7:28 | Build | Palisade Wall |
| 7:48 | Build | Barracks |
| 8:31 | Create | Villager (Male) |
| 8:56 | Build | House |
| 9:04 | Age | Feudal Age |
| 9:04 | Research | Double-Bit Axe |
| 9:05 | Research | Double-Bit Axe |
| 9:06 | Build | Archery Range |
| 9:10 | Create | Villager (Male) |
| 9:16 | Create | Villager (Male) |
| 9:30 | Create | Villager (Male) |
| 9:58 | Build | House |
| 9:59 | Build | Palisade Wall |
| 10:05 | Create | Archer |
| 10:11 | Build | House |
| 10:38 | Create | Archer |
| 10:45 | Create | Villager (Male) |
| 10:52 | Build | Archery Range |
| 10:54 | Create | Villager (Male) |
| 11:06 | Create | Villager (Male) |
| 11:08 | Build | Blacksmith |
| 11:14 | Create | Archer |
| 11:35 | Create | Archer |
| 11:37 | Create | Villager (Male) |
| 11:55 | Create | Archer |
| 11:55 | Create | Archer |
| 12:25 | Create | Archer |
| 12:25 | Create | Archer |
| 12:41 | Research | Fletching |
| 12:42 | Create | Villager (Male) |
| 13:15 | Build | House |
| 13:18 | Create | Villager (Male) |
| 13:21 | Create | Villager (Male) |
| 13:22 | Create | Villager (Male) |
| 13:25 | Build | Mill |
| 13:26 | Create | Villager (Male) |
| 13:26 | Create | Villager (Male) |
| 13:35 | Create | Skirmisher |
| 13:35 | Create | Skirmisher |
| 14:01 | Create | Villager (Male) |
| 14:16 | Research | Horse Collar |
| 14:28 | Create | Archer |
| 14:28 | Create | Archer |
| 14:34 | Create | Villager (Male) |
| 14:39 | Create | Villager (Male) |
| 14:43 | Build | Farm |
| 14:43 | Build | Farm |
| 14:43 | Build | Farm |
| 14:43 | Build | Farm |
| 14:44 | Build | Farm |
| 14:44 | Build | Farm |
| 14:44 | Build | Farm |
| 14:44 | Build | Farm |
| 14:45 | Build | Farm |
| 14:45 | Build | Farm |
| 14:45 | Build | Farm |
| 14:52 | Create | Villager (Male) |
| 15:02 | Build | Farm |
| 15:33 | Create | Villager (Male) |
| 15:39 | Create | Villager (Male) |
| 15:39 | Create | Villager (Male) |
| 15:53 | Build | House |
| 15:55 | Build | House |
| 15:56 | Build | House |
| 15:56 | Build | House |
| 16:01 | Create | Villager (Male) |
| 16:09 | Create | Villager (Male) |
| 16:18 | Research | Wheelbarrow |
| 16:20 | Create | Skirmisher |
| 16:21 | Create | Skirmisher |
| 16:38 | Create | Villager (Male) |
| 16:40 | Build | Market |
| 17:16 | Create | Villager (Male) |
| 17:48 | Create | Villager (Male) |
| 17:52 | Build | Farm |
| 18:15 | Research | Castle Age |
| 18:15 | Research | Castle Age |
| 18:25 | Research | Gold Mining |
| 18:33 | Create | Archer |
| 18:33 | Create | Archer |
| 18:50 | Create | Archer |
| 18:50 | Create | Archer |
| 18:50 | Create | Archer |
| 19:02 | Research | Padded Archer Armor |
| 19:13 | Create | Archer |
| 19:13 | Create | Archer |
| 19:33 | Create | Archer |
| 19:33 | Create | Archer |
| 19:51 | Create | Villager (Male) |
| 19:56 | Create | Archer |
| 19:56 | Create | Archer |
| 20:11 | Build | House |
| 20:21 | Build | House |
| 20:21 | Build | House |
| 20:29 | Build | House |
| 20:31 | Build | House |
| 20:34 | Create | Archer |
| 20:34 | Create | Archer |
| 20:57 | Age | Castle Age |
| 20:58 | Build | Siege Workshop |
| 21:04 | Research | Bow Saw |
| 21:06 | Research | Crossbowman (upgrade) |
| 21:06 | Research | Bodkin Arrow |
| 21:06 | Research | Bodkin Arrow |
| 21:08 | Create | Archer |
| 21:08 | Create | Archer |
| 21:10 | Create | Villager (Male) |
| 21:14 | Build | University |
| 21:24 | Create | Archer |
| 21:24 | Create | Archer |
| 22:29 | Create | Villager (Male) |
| 22:29 | Create | Villager (Male) |
| 22:37 | Research | Ballistics |
| 23:06 | Create | Mangonel |
| 23:10 | Create | Archer |
| 23:10 | Create | Archer |
| 23:10 | Create | Archer |
Match timeline
| 5:02 | matias_dka · first_building Barracks |
| 7:24 | AmiraL_516 · wall_segment Palisade Wall x1 |
| 7:28 | AmiraL_516 · wall_segment Palisade Wall x1 |
| 7:48 | AmiraL_516 · first_building Barracks |
| 9:04 | AmiraL_516 · age_up feudal |
| 9:06 | AmiraL_516 · first_building Archery Range |
| 9:59 | AmiraL_516 · wall_segment Palisade Wall x1 |
| 11:35 | matias_dka · age_up feudal |
| 12:00 | matias_dka · first_building Archery Range |
| 18:09 | AmiraL_516 · first_market_buy 100 food |
| 18:13 | AmiraL_516 · first_market_sell 100 wood |
| 19:40 | matias_dka · first_market_sell 100 wood |
| 20:57 | AmiraL_516 · age_up castle |
| 20:58 | AmiraL_516 · first_building Siege Workshop |
| 22:35 | matias_dka · age_up castle |
| 24:45 | matias_dka · first_building Siege Workshop |
| 28:09 | AmiraL_516 · first_building Monastery |
| 31:31 | AmiraL_516 · first_building Stable |
| 34:14 | AmiraL_516 · first_building Castle |
| 34:33 | AmiraL_516 · age_up imperial |
| 37:54 | matias_dka · first_market_buy 100 stone |
| 38:05 | matias_dka · first_building Castle |
| 38:10 | matias_dka · wall_segment Palisade Wall x1 |
| 38:12 | matias_dka · wall_segment Palisade Wall x1 |
| 38:15 | matias_dka · wall_segment Palisade Wall x1 |
| 40:50 | matias_dka · wall_segment Palisade Wall x1 |
| 40:52 | matias_dka · wall_segment Palisade Wall x1 |
| 40:56 | matias_dka · wall_segment Palisade Wall x1 |
| 41:02 | matias_dka · wall_segment Palisade Wall x1 |
| 41:08 | matias_dka · wall_segment Palisade Wall x1 |
| 44:35 | matias_dka · age_up imperial |
| 46:45 | matias_dka · resign |
[ AI ANALYSIS · 1 CREDIT ]
What really happened in this match?
Wolo.gg analyzes every decision: build order, eco, micro, common mistakes by bracket. Personalized analysis on WhatsApp or Discord in 30 seconds.
Civ guide
Goths
Perfil
Jugador #2090196